 Dungeon Crawl Stone Soup version bcrawl-1.14 (webtiles) character file.

Game seed: 6260301090879951294

192702 MisterOstroum the Eclecticist (level 17, -9/149 HPs)
             Began as a Djinni Conjurer on Sept 13, 2019.
             Was a High Priest of Vehumet.
             Killed by nerve-wracking pain
             ... invoked by Mara
              (11 damage)
             ... on level 3 of the Spider Nest.
             The game lasted 02:11:06 (30486 turns).

MisterOstroum the Eclecticist (Djinni Conjurer)    Turns: 30486, Time: 02:11:06

Health: -9/149     AC: 10    Str: 12    XL:     17   Next: 62%
Magic:  6/44       EV: 18    Int: 24    God:    Vehumet [*****.]
Gold:   2191       SH:  6    Dex: 14    Spells: 13/48 levels left

rFire    + . .     SeeInvis .   a - +0 demon blade (flame)
rCold    . . .     Gourm    .   u - +0 buckler
rNeg     . . .     Faith    .   W - +0 steam dragon scales
rPois    +         Spirit   .   V - +0 helmet
rElec    .         Reflect  .   y - +2 cloak {+Inv}
rCorr    .         Harm     .   l - +0 pair of gloves
MR       +....     Rnd*Rage +   (boots unavailable)
Stlth    ++........             o - amulet of magic regeneration
HPRegen  0.34/turn              G - +5 ring of dexterity
MPRegen  0.54/turn              i - ring of poison resistance

@: flying
A: never pass out, berserk 2, blink, blurry vision 2, clumsy 1, fire resistance
1, high mp 2, wild magic 3, disrupted magic 1, MP-powered wands, floating
}: 1/15 runes: barnacled
a: Blink, Renounce Religion, Evoke Invisibility


You were on level 3 of the Spider Nest.
You worshipped Vehumet.
Vehumet was extremely pleased with you.
You were near starving.

You visited 7 branches of the dungeon, and saw 24 of its levels.
You also visited: Gauntlet and Volcano.

You collected 2492 gold pieces.
You spent 301 gold pieces at shops.

Inventory:

Hand Weapons
 a - a +0 demon blade of flaming (weapon)
Missiles
 v - 8 throwing nets (quivered) {!f!f}
Armour
 l - a +0 pair of gloves (worn)
 u - a +0 buckler (worn)
 y - a +2 cloak of invisibility (worn)
 B - a scarf of stasis
 P - a +0 shield
 V - a +0 helmet (worn)
 W - +0 steam dragon scales (worn)
Jewellery
 c - an uncursed ring of protection from magic
 i - a ring of poison resistance (right hand)
 o - an amulet of magic regeneration (around neck)
 G - a +5 ring of dexterity (left hand)
 X - an uncursed ring of resist corrosion
Wands
 b - a wand of clouds (8)
 x - a wand of paralysis (16)
 A - a wand of flame (67)
 E - a wand of digging (11)
 R - a wand of acid (16)
 U - a wand of polymorph (11)
 Z - a wand of random effects (21)
Scrolls
 d - 3 scrolls of fear {!r}
 m - 7 scrolls of amnesia
 n - 3 scrolls of enchant armour
 q - a scroll of teleportation {@r3 !r}
 w - 3 scrolls of torment
 C - a scroll of fog {!r}
 H - 3 scrolls of blinking {@r4}
 I - 7 scrolls of remove curse {@r2}
 J - 5 scrolls of enchant weapon
 Q - 4 scrolls of immolation
 T - a scroll of summoning
Potions
 f - 3 potions of curing {@q1 !q}
 g - 2 potions of brilliance
 h - a potion of invisibility
 j - 2 potions of berserk rage
 k - 2 potions of mutation
 s - 2 potions of magic
 t - 2 potions of agility {@q5 !q}
 z - 2 potions of cancellation
 D - a potion of lignification {@q6}
 F - 4 potions of might
 L - 2 potions of resistance
 O - 2 potions of haste {@q4 !q}
Miscellaneous
 r - a phial of floods
 K - a phantom mirror
 Y - a lightning rod (4/4)
Comestibles
 e - 35 rations {!d}
 p - a chunk of flesh


   Skills:
 * Level 13.0 Fighting
 - Level 3.0 Long Blades
 - Level 9.0 Dodging
 - Level 1.5 Stealth
 - Level 4.0 Shields
 + Level 16.2 Spellcasting
 - Level 15.3 Conjurations
 - Level 6.0 Summonings
 - Level 10.0 Transmutations
 - Level 5.0 Fire Magic
 - Level 13.0 Ice Magic
 - Level 9.0 Air Magic
 - Level 2.1 Evocations


You had 13 spell levels left.
You knew the following spells:

 Your Spells              Type           Power        Failure   Level  Hunger
a - Magic Dart            Conj           ####         1%          1    None
b - Searing Ray           Conj           ######       1%          2    None
c - Iskenderun's Mystic   Conj           ########     1%          3    None
d - Irradiate             Conj/Tmut      ########..   1%          5    #......
e - Fireball              Conj/Fire      #######...   3%          5    #......
f - Airstrike             Air            #######...   2%          4    None
g - Icicle Burst          Conj/Ice       ########..   9%          7    ######.
h - Summon Lightning Spi  Summ/Air       #######.     21%         5    #......
H - Regeneration          Chrm/Necr      #####.....   34%         3    None

Your spell library contained the following spells:

 Spells                   Type           Power        Failure   Level  Hunger
 Poison Arrow             Conj/Pois      #######...   16%         6    ####...
 Flame Tongue             Conj/Fire      #####        1%          1    None
 Sting                    Conj/Pois      ####         1%          1    None
 Conjure Flame            Conj/Fire      #######.     1%          3    None
 Sticky Flame             Conj/Fire      #######.     1%          4    None
 Ignite Poison            Fire/Tmut/Pois ######..     3%          3    None
 Fulminant Prism          Conj/Hex       #######...   3%          4    None
 Inner Flame              Hex/Fire       N/A          5%          3    None
 Bolt of Draining         Conj/Necr      #######...   5%          5    #......
 Venom Bolt               Conj/Pois      #######...   5%          5    #......
 Summon Small Mammal      Summ           ####         6%          1    None
 Call Imp                 Summ           #######.     7%          2    None
 Ozocubu's Armour         Chrm/Ice       #######.     8%          3    None
 Summon Ice Beast         Ice/Summ       #######.     8%          4    None
 Poisonous Vapours        Pois/Air       ######       9%          2    None
 Call Canine Familiar     Summ           #######.     9%          3    None
 Animate Skeleton         Necr           N/A          17%         1    None
 Infusion                 Chrm           #####...     17%         1    None
 Pain                     Necr           ####         17%         1    None
 Recall                   Summ/Tloc      N/A          17%         3    None
 Olgreb's Toxic Radiance  Pois           #####...     21%         4    None
 Song of Slaying          Chrm           #####...     22%         2    None
 Aura of Abjuration       Summ           #######...   30%         5    #......
 Summon Demon             Summ           #######...   30%         5    #......
 Spectral Weapon          Hex/Chrm       #####...     34%         3    None
 Vampiric Draining        Necr           #####.....   34%         3    None
 Summon Scorpions         Summ/Pois      ######..     34%         4    None
 Summon Forest            Summ/Tloc      ######....   56%         5    #......
 Summon Mana Viper        Hex/Summ       ######..     56%         5    #......
 Animate Dead             Necr           N/A          63%         4    None
 Shadow Creatures         Summ           N/A          71%         6    ####...


Dungeon Overview and Level Annotations

Branches:
Dungeon (10/12)            Temple (1/1) D:6            Lair (5/6) D:9
 Shoals (3/3) Lair:2       Spider (3/3) Lair:2          Orc (1/1) D:10
    Elf (1/3) Orc
  Slime: Lair:5-6

Altars:
Ashenzari
Cheibriados
Dithmenos
Elyvilon
Fedhas
Gozag
Hepliaklqana
Kikubaaqudgha
Lugonu
Makhleb
Nemelex Xobeh
Okawaru
Qazlal
Ru
Sif Muna
Trog
Uskayaw
Vehumet
Wu Jian
Xom
Zin
The Shining One
Beogh

Shops:
D:7 *   D:8 }   D:10 *   Orc [([

Annotations:
D:7 2 transporters
D:10 2 transporters
Lair:3 1 runed translucent door, Yjeari's ghost, journeyman GrMo
Spider:3 Mara
Elf:1 Nikola; Roxanne


Innate Abilities, Weirdness & Mutations

You never pass out after going berserk.
You often lose your temper in combat.
You can translocate small distances at will.
Scrolls take you longer to read.
Your flesh is heat resistant. (rF+)
You have a considerably increased reservoir of magic. (+20% MP)
Your spells are much harder to cast, but much more powerful.
Your casting is slightly disrupted.
You expend magic power (3 MP) to strengthen your wands.
Your body floats in the air.
You are clumsy. (Dex -2)


Message History

Mara is moderately wounded.
You are feeling very hungry.
Mara weaves an illusion.
Mara hits you but does no damage.
Unknown command.
Casting: Icicle Burst (quite dangerous; 9% risk of failure)
Confirm with . or Enter, or press ? or * to list all spells.
Aiming: Iskenderun's Mystic Blast (safe; 1% risk of failure)
Press: ? - help, Shift-Dir - straight line, f/p - Mara
Aim: Mara, wielding a +1 demon trident of flaming and wearing a +0 robe (moderately wounded)
The orb of energy hits Mara.
Mara is heavily wounded.
The orb of energy explodes!
Mara closely misses you.
Casting: Iskenderun's Mystic Blast (safe; 1% risk of failure)
Confirm with . or Enter, or press ? or * to list all spells.
Aiming: Iskenderun's Mystic Blast (safe; 1% risk of failure)
Press: ? - help, Shift-Dir - straight line, f/p - Mara
Aim: Mara, wielding a +1 demon trident of flaming and wearing a +0 robe (heavily wounded)
The orb of energy hits Mara.
Mara is heavily wounded.
Mara blinks!
Casting: Iskenderun's Mystic Blast (safe; 1% risk of failure)
Confirm with . or Enter, or press ? or * to list all spells.
Aiming: Iskenderun's Mystic Blast (safe; 1% risk of failure)
Press: ? - help, Shift-Dir - straight line, f/p - Mara
Aim: Mara, wielding a +1 demon trident of flaming and wearing a +0 robe (heavily wounded)
The orb of energy hits Mara.
Mara is heavily wounded.
Mara blinks!
Mara hits you from afar with a +1 demon trident of flaming!
Mara burns you.
Casting: Iskenderun's Mystic Blast (safe; 1% risk of failure)
Confirm with . or Enter, or press ? or * to list all spells.
Aiming: Iskenderun's Mystic Blast (safe; 1% risk of failure)
Press: ? - help, Shift-Dir - straight line, f/p - Mara
Aim: Mara, wielding a +1 demon trident of flaming and wearing a +0 robe (heavily wounded)
The orb of energy hits Mara.
Mara is severely wounded.
Casting: Iskenderun's Mystic Blast (safe; 1% risk of failure)
Confirm with . or Enter, or press ? or * to list all spells.
Aiming: Iskenderun's Mystic Blast (safe; 1% risk of failure)
Press: ? - help, Shift-Dir - straight line, f/p - Mara
Aim: Mara, wielding a +1 demon trident of flaming and wearing a +0 robe (severely wounded)
The orb of energy misses Mara.
The orb of energy explodes!
Mara hits you but does no damage.
Casting: Iskenderun's Mystic Blast (safe; 1% risk of failure)
Confirm with . or Enter, or press ? or * to list all spells.
Aiming: Iskenderun's Mystic Blast (safe; 1% risk of failure)
Press: ? - help, Shift-Dir - straight line, f/p - Mara
Aim: Mara, wielding a +1 demon trident of flaming and wearing a +0 robe (severely wounded)
The orb of energy hits Mara.
Mara is severely wounded.
The orb of energy explodes!
Mara hits you from afar with a +1 demon trident of flaming.
Mara gestures at you. You resist with significant effort. Mara gestures at you.
You resist with significant effort.
Mara gestures.
There is a horrible, sudden wrenching feeling in your soul!
Mara hits you from afar with a +1 demon trident of flaming!!
Mara burns you.
Casting: Iskenderun's Mystic Blast (safe; 1% risk of failure)
Confirm with . or Enter, or press ? or * to list all spells.
Aiming: Icicle Burst (quite dangerous; 9% risk of failure)
Press: ? - help, Shift-Dir - straight line, f/p - Mara
Aim: Mara, wielding a +1 demon trident of flaming and wearing a +0 robe (severely wounded)
The burst of ice shards hits Mara. x3
Mara is severely wounded. x2
You are near starving!
Mara hits you with a +1 demon trident of flaming!
Mara burns you.
Mara blinks!
You closely miss Mara.
Mara is severely wounded.
Mara weaves an illusion.
Mara shimmers and seems to become two!
Mara says, "Bound art thou by all the snares!"
Mara misses you.
Mara hits you from afar with a +1 demon trident of flaming!
Mara burns you. You block Mara's attack.
MisterOstroum's illusion passes through a web.
Mara blinks!
Mara hits you from afar with a +1 demon trident of flaming.
Mara gestures at you. You resist with significant effort.
Mara hits you with a +1 demon trident of flaming.
Mara burns you.
MisterOstroum's illusion waves its NO PLURAL ARMS in wide circles.
The air twists around and violently strikes you in flight!
* * * LOW HITPOINT WARNING * * *
Mara hits you with a +1 demon trident of flaming!
* * * LOW HITPOINT WARNING * * *
Mara blinks!
MisterOstroum's illusion casts a spell at you.
The fireball explodes!
The fireball engulfs you! You resist.
* * * LOW HITPOINT WARNING * * *
Mara pulls away from the web.
Mara gestures at you. Pain shoots through your body!
You die...

##.###R.^##....###
#^....@..#.......##
#^...R...##....)..##
#^.###....##.#.#...#
#.R.###^...#####..##
#..##.###.###....##
#ยง@#....###..^.^##
#.R^.........####
#...@.......##
#...##....###
#..###.R.## ####
#####


You could see 2 Maras and MisterOstroum's illusion.

Vanquished Creatures
  Frances (Shoals:1)
  A ghost moth (Spider:3)
  A deep elf sorcerer (Elf:1)
  An orc warlord (Orc)
  4 entropy weavers
  A red draconian (Volcano)
  A spark wasp (Spider:2)
  A minotaur (Gauntlet)
  2 merfolk javelineers (Shoals:3)
  9 merfolk impalers
  Josephine (Shoals:1)
  A hydra (Lair:4)
  2 merfolk avatars
  5 merfolk aquamancers (Shoals:3)
  An alligator snapping turtle (Shoals:3)
  3 satyrs
  3 dancing weapons (Elf:1)
  9 death yaks (Lair:5)
  Urug (Orc)
  A deep elf knight (Elf:1)
  7 sea snakes
  A salamander mystic (Volcano)
  3 cyclopes
  An obsidian statue (Gauntlet)
  A deep elf archer (Elf:1)
  A wizard (Elf:1)
  An orc knight (Orc)
  5 harpies (Shoals:3)
  10 orb spiders
  15 deep elf magi (Elf:1)
  The ghost of lis82 the Thaumaturge, a novice AvWz of Sif Muna (D:7)
  3 oklob plants (Lair:3)
  11 wolf spiders
  2 orc sorcerers (Orc)
  An ugly thing (D:10)
  8 manticores
  A moth of wrath (Spider:2)
  4 salamanders (Volcano)
  A worldbinder (Gauntlet)
  5 fauns (Shoals:2)
  9 elephants (Lair:4)
  Maurice (D:10)
  7 merfolk sirens
  2 torpor snails
  6 cane toads
  3 water nymphs
  A black mamba (Lair:5)
  A molten gargoyle (Lair:5)
  2 centaur skeletons
  6 demonic crawlers
  16 rime drakes
  6 trolls
  18 jumping spiders
  10 komodo dragons
  16 merfolk
  2 hornets (Gauntlet)
  6 wind drakes
  18 blink frogs
  4 dream sheep
  5 hippogriffs
  7 snapping turtles
  A centaur simulacrum (D:7)
  43 redbacks
  6 water elementals
  5 wraiths (Shoals:1)
  A vampire (D:7)
  7 steam dragons (Lair:3)
  49 yaks
  12 tarantellas
  2 fire bats (Lair:5)
  3 wyverns
  2 basilisks (Lair:1)
  A hungry ghost (D:7)
  A warg (Orc)
  Grum (D:10)
  An ice beast (D:5)
  23 orc warriors
  6 porcupines
  6 water moccasins
  3 black bears
  A hornet zombie (D:10)
  6 ogres
  A phantom (D:10)
  6 centaurs
  2 sky beasts
  8 wolves
  5 boggarts
  8 crocodiles
  A bullfrog (Lair:1)
  2 scorpions
  6 killer bees (D:8)
  4 electric eels (D:7)
  3 howler monkeys
  9 wights
  5 crimson imps
  A bullfrog zombie (D:6)
  2 lava snakes (Lair:5)
  A hound (D:10)
  3 jellies
  24 orc priests
  2 bullfrog skeletons (D:7)
  17 orc wizards
  2 iguanas
  6 worker ants
  A hound zombie (D:3)
  A hound skeleton (D:5)
  A worker ant zombie (D:8)
  12 adders
  12 gnolls
  2 shadow imps
  An ooze (D:3)
  An adder skeleton (D:3)
  An adder zombie (D:5)
  4 worms
  3 dart slugs
  5 leopard geckos
  76 orcs
  A bat zombie (D:3)
  5 giant cockroaches
  5 goblins (D:1)
  7 hobgoblins
  2 jackals (D:4)
  7 quokkas
  A ball python (D:2)
  3 bats
  4 frilled lizards
  A jackal skeleton (D:5)
  12 kobolds
  12 rats
  2 rat zombies (D:3)
  A fungus (Lair:4)
  14 plants
772 creatures vanquished.

Vanquished Creatures (collateral kills)
  A deep elf mage (Elf:1)
  3 orc warriors (Orc)
  An orc priest (Orc)
  An orc wizard (Orc)
  An orc (Orc)
7 creatures vanquished.

Vanquished Creatures (others)
  A fungus (Lair:4)
  29 plants
30 creatures vanquished.

Grand Total: 809 creatures vanquished

Notes
Turn   | Place    | Note
-------+----------+-------------------------------------------
     0 | D:1      | MisterOstroum the Djinni Conjurer began the quest for the
                  | Orb.
     0 | D:1      | Reached XP level 1. HP: 14/14 MP: 4/4
     2 | D:1      | Noticed a demigod
     2 | D:1      | Noticed a human
     4 | D:1      | Noticed a halfling
     4 | D:1      | Noticed an ogre
     6 | D:1      | Noticed a vine stalker
     8 | D:1      | Noticed a felid
     8 | D:1      | Noticed a demonspawn
    10 | D:1      | Noticed a formicid
    10 | D:1      | Noticed a gargoyle
    12 | D:1      | Noticed a tengu
    14 | D:1      | Noticed an octopode
    14 | D:1      | Noticed a naga
    16 | D:1      | Noticed a dwarf
    16 | D:1      | Noticed a merfolk
    18 | D:1      | Noticed a ghoul
    20 | D:1      | Noticed a centaur
    20 | D:1      | Noticed a draconian
    22 | D:1      | Noticed a spriggan
    22 | D:1      | Noticed a vampire
    24 | D:1      | Noticed a minotaur
    26 | D:1      | Noticed an elf
    26 | D:1      | Noticed a troll
   253 | D:1      | Reached XP level 2. HP: 20/20 MP: 3/6
   257 | D:1      | Learned a level 2 spell: Searing Ray
   605 | D:1      | Reached skill level 5 in Conjurations
   812 | D:1      | Reached XP level 3. HP: 26/26 MP: 0/8
   833 | D:1      | Reached skill level 4 in Spellcasting
  1156 | D:2      | Learned a level 3 spell: Iskenderun's Mystic Blast
  1732 | D:2      | Found a bloodstained altar of Trog.
  2049 | D:2      | Reached skill level 5 in Spellcasting
  2277 | D:3      | Gained mutation: Your spells are harder to cast, but more
                  | powerful. [Djinni growth]
  2277 | D:3      | Gained mutation: You can translocate small distances at
                  | will. [Djinni growth]
  2277 | D:3      | Reached XP level 4. HP: 33/33 MP: 6/11
  2327 | D:3      | Noticed a centaur
  2334 | D:3      | Killed a centaur
  2334 | D:3      | Reached XP level 5. HP: 24/38 MP: 7/13
  2879 | D:3      | Found a stormy altar of Qazlal.
  3060 | D:3      | Reached skill level 6 in Spellcasting
  3121 | D:3      | Found a sacrificial altar of Ru.
  3304 | D:3      | Found an ancient bone altar of Kikubaaqudgha.
  3501 | D:4      | Reached XP level 6. HP: 45/45 MP: 10/15
  3801 | D:4      | Found a sacrificial altar of Ru.
  4067 | D:4      | Found a shattered altar of Ashenzari.
  4192 | D:4      | Reached skill level 7 in Spellcasting
  4424 | D:4      | Found a sparkling altar of Nemelex Xobeh.
  4426 | D:4      | Found a bloodstained altar of Trog.
  4428 | D:4      | Found a corrupted altar of Lugonu.
  4444 | D:5      | Entered Level 5 of the Dungeon
  4577 | D:5      | Found a white marble altar of Elyvilon.
  4620 | D:5      | Reached XP level 7. HP: 50/50 MP: 6/18
  4749 | D:5      | Reached skill level 8 in Spellcasting
  4756 | D:5      | Learned a level 5 spell: Irradiate
  5789 | D:6      | Reached skill level 5 in Fighting
  5847 | D:6      | Gained mutation: Your spells are much harder to cast, but
                  | much more powerful. [Djinni growth]
  5847 | D:6      | Reached XP level 8. HP: 57/69 MP: 15/20
  6228 | D:6      | Reached skill level 9 in Spellcasting
  6321 | D:6      | Reached skill level 1 in Transmutations
  6772 | D:6      | Found a staircase to the Ecumenical Temple.
  6808 | Temple   | Entered the Ecumenical Temple
  7041 | Temple   | Became a worshipper of Vehumet
  7094 | D:7      | Found a transporter.
  7094 | D:7      | Noticed lis82's ghost (novice AvWz)
  7099 | D:7      | Found a transporter.
  7152 | D:7      | Reached skill level 5 in Transmutations
  7152 | D:7      | Reached XP level 9. HP: 75/75 MP: 15/22
  7271 | D:7      | Reached skill level 1 in Evocations
  7568 | D:7      | Found a snail-covered altar of Cheibriados.
  7582 | D:7      | Found Zin's Purification Station.
  7586 | D:7      | Found a glowing silver altar of Zin.
  7586 | D:7      | Found a transporter.
  8095 | D:7      | Found a transporter.
  8387 | D:7      | Noticed a troll
  8648 | D:8      | Noticed a komodo dragon
  8656 | D:8      | Killed a komodo dragon
  8656 | D:8      | Reached skill level 10 in Spellcasting
  9132 | D:8      | Found an iron altar of Okawaru.
  9138 | D:8      | Got a crystal spear
  9188 | D:8      | Identified the cursed +1 spear of Gynuz {speed, Str+2
                  | Int+4} (You found it on level 8 of the Dungeon)
  9219 | D:8      | Reached * piety under Vehumet
  9219 | D:8      | Offered knowledge of Sting by Vehumet.
  9230 | D:8      | Reached skill level 11 in Spellcasting
  9230 | D:8      | Reached XP level 10. HP: 36/83 MP: 2/25
  9462 | D:8      | Found Wieruty's Gadget Boutique.
  9501 | D:8      | Reached skill level 10 in Conjurations
  9595 | D:8      | Found a burning altar of Makhleb.
 10117 | D:9      | Found a staircase to the Lair.
 10370 | D:9      | Reached ** piety under Vehumet
 10370 | D:9      | Offered knowledge of Throw Frost by Vehumet.
 10898 | D:9      | Found a shimmering blue altar of Sif Muna.
 10927 | D:9      | Reached skill level 1 in Shields
 10927 | D:9      | Reached skill level 12 in Spellcasting
 11504 | D:10     | Entered Level 10 of the Dungeon
 11616 | D:10     | Reached XP level 11. HP: 92/92 MP: 27/27
 11780 | D:10     | Noticed Maurice
 11783 | D:10     | Killed Maurice
 11873 | D:10     | Offered knowledge of Dazzling Spray by Vehumet.
 11884 | D:10     | Found Idujotz's General Store.
 11943 | D:10     | Noticed Grum
 11965 | D:10     | Killed Grum
 12098 | D:10     | Found a staircase to the Orcish Mines.
 12275 | D:10     | Noticed an ogre mage
 12276 | D:10     | Noticed an orc sorcerer
 12339 | D:10     | Found a transporter.
 12349 | D:10     | Found a transporter.
 12354 | D:10     | Found a roughly hewn altar of Beogh.
 12368 | D:10     | Noticed a green ugly thing
 12371 | D:10     | Killed a green ugly thing
 12563 | Lair:1   | Entered Level 1 of the Lair of Beasts
 12568 | Lair:1   | Reached *** piety under Vehumet
 12726 | Lair:1   | Reached skill level 5 in Dodging
 12845 | Lair:1   | Offered knowledge of Ignite Poison by Vehumet.
 12937 | Lair:1   | Reached skill level 13 in Spellcasting
 13640 | Lair:2   | Gained mutation: Your casting is slightly disrupted.
                  | [Djinni growth]
 13640 | Lair:2   | Gained mutation: Your flesh is heat resistant. (rF+)
                  | [Djinni growth]
 13640 | Lair:2   | Gained mutation: You have an increased reservoir of magic.
                  | (+10% MP) [Djinni growth]
 13640 | Lair:2   | Gained mutation: You have a considerably increased
                  | reservoir of magic. (+20% MP) [Djinni growth]
 13640 | Lair:2   | Reached XP level 12. HP: 102/102 MP: 9/35
 13643 | Lair:2   | Reached **** piety under Vehumet
 13714 | Lair:2   | Learned a level 5 spell: Fireball
 13745 | Lair:2   | Found a hole to the Spider Nest.
 13876 | Lair:2   | Found a staircase to the Shoals.
 14135 | Lair:2   | Offered knowledge of Airstrike by Vehumet.
 14651 | Lair:3   | Reached skill level 14 in Spellcasting
 14730 | Lair:3   | Found a runed translucent door.
 14797 | Lair:3   | Reached skill level 10 in Fighting
 15330 | Lair:3   | Learned a level 4 spell: Airstrike
 15691 | Lair:3   | Reached skill level 1 in Fire Magic
 15790 | Lair:3   | Reached XP level 13. HP: 59/114 MP: 24/38
 16096 | Lair:3   | Noticed Yjeari's ghost (journeyman GrMo)
 16219 | Lair:4   | Reached skill level 15 in Spellcasting
 16827 | Lair:4   | Reached skill level 5 in Fire Magic
 16892 | Lair:4   | Reached skill level 1 in Air Magic
 17042 | Lair:4   | Got a smoking chain mail
 17523 | Lair:4   | Learned a level 3 spell: Regeneration
 17529 | Lair:4   | Learned a level 5 spell: Summon Lightning Spire
 17578 | Lair:5   | Reached ***** piety under Vehumet
 17736 | Lair:5   | Reached skill level 10 in Transmutations
 17740 | Lair:5   | Offered knowledge of Bolt of Cold by Vehumet.
 17853 | Lair:5   | Found a gate leading to a gauntlet.
 17907 | Gauntlet | Entered a Gauntlet
 17907 | Gauntlet | Found a transporter.
 17907 | Gauntlet | Found a transporter.
 17927 | Gauntlet | Found a transporter.
 17929 | Gauntlet | Found a transporter.
 17937 | Gauntlet | Found a transporter.
 17941 | Gauntlet | Found a transporter.
 17953 | Gauntlet | Found a transporter.
 17972 | Gauntlet | Found a transporter.
 17977 | Gauntlet | Found a transporter.
 17981 | Gauntlet | Found a transporter.
 17982 | Gauntlet | Noticed a death ooze
 17991 | Gauntlet | Found a transporter.
 17995 | Gauntlet | Found a transporter.
 18170 | Gauntlet | Got a wizard robe
 18223 | Gauntlet | Reached skill level 5 in Air Magic
 18230 | Gauntlet | Got a twisted cloak
 18242 | Gauntlet | Identified the cursed +0 cloak of the Bagpipe {+Blink Dex+4
                  | Slay-2} (You found it in a Gauntlet)
 18256 | Gauntlet | Noticed a minotaur
 18259 | Gauntlet | Killed a minotaur
 18288 | Lair:5   | Gained mutation: You are clumsy. (Dex -2) [mutagenic glow]
 18482 | Lair:5   | Reached skill level 1 in Summonings
 18531 | Lair:5   | Identified the cursed +0 robe of the Vestibule of Hell
                  | {+Inv rF- MR++ Int+4} (You found it in a Gauntlet)
 19694 | Orc      | Entered the Orcish Mines
 19695 | Orc      | Noticed Urug
 19701 | Orc      | Killed Urug
 19701 | Orc      | Reached skill level 5 in Summonings
 19758 | Orc      | Found a staircase to the Elven Halls.
 19792 | Orc      | Reached XP level 14. HP: 122/122 MP: 39/39
 19839 | Orc      | Found a roughly hewn altar of Beogh.
 19963 | Orc      | Found a dark tunnel.
 19969 | Volcano  | Entered a volcano
 20463 | Orc      | Found a roughly hewn altar of Beogh.
 20486 | Orc      | Found a roughly hewn altar of Beogh.
 20625 | Orc      | Found a roughly hewn altar of Beogh.
 20627 | Orc      | Reached skill level 1 in Long Blades
 20630 | Orc      | Offered knowledge of Icicle Burst by Vehumet.
 20639 | Orc      | Learned a level 7 spell: Icicle Burst
 20673 | Orc      | Noticed an orc warlord
 20683 | Orc      | Killed an orc warlord
 20683 | Orc      | Reached skill level 1 in Ice Magic
 20769 | Orc      | Found Moeggeam's Antique Weapon Shop.
 20792 | Orc      | Found Willuag's Antique Armour Boutique.
 20793 | Orc      | Found a roughly hewn altar of Beogh.
 20883 | Orc      | Found a roughly hewn altar of Beogh.
 20943 | Orc      | Found Exic's Antique Armour Shop.
 21074 | Orc      | Found a roughly hewn altar of Beogh.
 21143 | Orc      | Found a roughly hewn altar of Beogh.
 21148 | Orc      | Found Qedd's Magic Scroll Emporium.
 21153 | Orc      | Bought a scroll of teleportation for 42 gold pieces
 21153 | Orc      | Bought a scroll of amnesia for 49 gold pieces
 21153 | Orc      | Bought a scroll of identify for 28 gold pieces
 21153 | Orc      | Bought a scroll of blinking for 105 gold pieces
 21153 | Orc      | Bought a scroll of identify for 28 gold pieces
 21153 | Orc      | Bought a scroll of amnesia for 49 gold pieces
 21380 | D:7      | Killed lis82's ghost
 21606 | Elf:1    | Entered Level 1 of the Elven Halls
 21878 | Elf:1    | Noticed a deep elf sorcerer
 21885 | Elf:1    | Killed a deep elf sorcerer
 21885 | Elf:1    | Reached skill level 5 in Ice Magic
 22204 | Elf:1    | Noticed Roxanne
 22462 | Elf:1    | Noticed Nikola
 22833 | Spider:1 | Entered Level 1 of the Spider Nest
 22949 | Spider:1 | Noticed an entropy weaver
 22969 | Spider:1 | Killed an entropy weaver
 23002 | Spider:1 | Offered knowledge of Bolt of Fire by Vehumet.
 23304 | Spider:1 | Noticed an entropy weaver
 23311 | Spider:1 | Killed an entropy weaver
 23311 | Spider:1 | Reached XP level 15. HP: 77/128 MP: 20/40
 23919 | Spider:2 | Reached skill level 10 in Ice Magic
 24208 | Spider:2 | Offered knowledge of Freezing Cloud by Vehumet.
 24996 | Shoals:1 | Entered Level 1 of the Shoals
 25272 | Shoals:1 | Noticed Josephine
 25275 | Shoals:1 | Killed Josephine
 25645 | Shoals:1 | Noticed Frances
 25649 | Shoals:1 | Killed Frances
 27037 | Shoals:3 | Entered Level 3 of the Shoals
 27269 | Shoals:3 | Offered knowledge of Iron Shot by Vehumet.
 27438 | Shoals:3 | Reached XP level 16. HP: 79/135 MP: 10/42
 27801 | Shoals:3 | Got a transparent glaive
 28489 | Shoals:3 | Reached skill level 15 in Conjurations
 29195 | Shoals:3 | Got a barnacled rune of Zot
 29898 | Spider:2 | Reached skill level 16 in Spellcasting
 29898 | Spider:2 | Reached XP level 17. HP: 148/148 MP: 42/44
 30159 | Spider:3 | Entered Level 3 of the Spider Nest
 30167 | Spider:3 | Offered knowledge of Poison Arrow by Vehumet.
 30459 | Spider:3 | Noticed Mara
 30475 | Spider:3 | Noticed MisterOstroum's illusion
 30486 | Spider:3 | HP: 2/149 [MisterOstroum's illusion/fireball[Mara] (10)]
 30486 | Spider:3 | Killed from afar by Mara

Skill      XL: |  1  2  3  4  5  6  7  8  9 10 11 12 13 14 15 16 17 |
---------------+----------------------------------------------------+-----
Conjurations   | 5 6 7 8 9 10 12 13 14 15 | 15.3
Spellcasting   | 5 6 7 8 9 11 12 13 14 15 16 | 16.2
Fighting       | 5 6 7 8 10 12 13 | 13.0
Transmutations | 5 7 8 9 10 | 10.0
Evocations     | 2 |  2.1
Shields        | 2 4 |  4.0
Dodging        | 3 5 9 |  9.0
Fire Magic     | 1 5 |  5.0
Air Magic      | 5 9 |  9.0
Summonings     | 5 6 |  6.0
Long Blades    | 3 |  3.0
Ice Magic      | 9 13 | 13.0
Stealth        | |  1.5

Action                   |  1- 3 |  4- 6 |  7- 9 | 10-12 | 13-15 | 16-18 || total
-------------------------+-------+-------+-------+-------+-------+-------++-------
Melee: Short sword       |    36 |    13 |     4 |       |       |       ||    53
       Rapier            |       |       |    16 |       |       |       ||    16
       Spear             |       |       |    22 |   149 |    91 |       ||   262
       Demon blade       |       |       |       |       |    39 |    39 ||    78
 Cast: Magic Dart        |    83 |    93 |    78 |    32 |    25 |     2 ||   313
       Searing Ray       |     1 |    17 |    27 |     2 |     5 |     2 ||    54
       Iskenderun's Myst |       |       |    58 |   233 |   369 |    79 ||   739
       Irradiate         |       |       |       |     7 |    36 |     7 ||    50
       Fireball          |       |       |       |     1 |   115 |    49 ||   165
       Summon Lightning  |       |       |       |       |     8 |       ||     8
       Regeneration      |       |       |       |       |     4 |     1 ||     5
       Airstrike         |       |       |       |       |    21 |    19 ||    40
       Icicle Burst      |       |       |       |       |     5 |    17 ||    22
Evoke: Wand              |       |       |       |       |     2 |     1 ||     3
  Use: Scroll            |       |       |    10 |     3 |    22 |     2 ||    37
       Potion            |       |       |       |       |     4 |     2 ||     6
 Stab: Sleeping          |       |       |       |     1 |       |       ||     1
  Eat: Chunk             |     4 |     7 |     6 |    21 |    33 |     9 ||    80
       Ration            |       |       |     2 |       |     4 |     2 ||     8
Armor: Robe              |    11 |     5 |     7 |     7 |     1 |       ||    31
       Steam dragon scal |       |       |       |     2 |    64 |    20 ||    86
       Leather armour    |       |       |       |       |     1 |       ||     1
Dodge: Dodged            |    36 |    25 |    66 |    53 |   186 |    75 ||   441
Block: Buckler           |       |       |       |    12 |    60 |    27 ||    99
